Diables vs Inferno
Created - April 6, 2019 at 20:45
Goals
|
| Diables |
2 |
0 |
1 |
3 |
| Inferno |
0 |
2 |
0 |
2 |
|
Shots
|
| Diables |
12 |
10 |
10 |
32 |
| Inferno |
5 |
20 |
10 |
35 |
|
1st period
1. Diables , Jordan Caron 28 (Charlie Coyle 59, Brandon Prust 27) at 1:50
2. Diables , Jan Mursak 9 (Mikko Lehtonen 21, Alexander Wennberg 34) at 4:11 (PP)
Penalties :
Philip Varone (Anc) for High sticking (Minor) at 3:54, Tanner Pearson (Anc) for High sticking (Minor) at 8:29
2nd period
3. Inferno , Matt Kassian 29 (Philip Varone 30, Tyler Shattock 8) at 1:05
4. Inferno , Bryan Rust 21 (Matthew Nieto 26, Anders Lee 38) at 9:04
Penalties :
Colby Robak (Anc) for Elbowing (Minor) at 3:03
3rd period
5. Diables , Shayne Gostisbehere 9 (Nikita Zadorov 9) at 11:28 (PP)
Penalties :
Jordan Caron (Alm) for Hooking (Minor) at 1:15, Brandon Prust (Alm) for Hooking (Minor) at 7:12, Bryan Rust (Anc) for Hooking (Minor) at 11:10, Philip Varone (Anc) for Hooking (Minor) at 15:58, Nick Bjugstad (Alm) for Tripping (Minor) at 16:57
Goalie Stats
Malcolm Subban (Alm), 33 saves from 35 shots - (0.943), W, 19-23-6, 60:00 minutes
Michael Hutchinson (Anc), 29 saves from 32 shots - (0.906), L, 10-12-1, 59:26 minutes
Players Stats for Diables
Player Name G A P +/- PIM S H SB GA TA FO MP PP MP PK MP
------------------------------------------------------------------------------------
Alexander Wennberg 0 1 1 -1 0 2 1 0 2 0 2/5 12:39 2:35 0:04
Artturi Lehkonen 0 0 0 0 0 0 0 2 0 0 0/0 11:50 0:00 0:57
Brandon Prust 0 1 1 1 2 3 0 1 0 0 0/1 17:12 0:03 0:55
Carl Gunnarsson 0 0 0 -1 0 1 0 2 0 1 0/0 19:50 2:07 1:34
Charlie Coyle 0 1 1 1 0 1 2 1 1 0 11/24 19:00 0:00 2:30
Chris Bigras 0 0 0 0 0 0 0 0 0 0 0/0 4:05 0:00 0:00
Chris Tierney 0 0 0 0 0 1 2 0 1 0 0/1 12:19 0:01 1:23
Daniel Zaar 0 0 0 0 0 1 1 1 0 1 0/1 10:29 0:01 0:00
Jamie Oleksiak 0 0 0 -1 0 1 1 0 0 2 0/0 15:37 0:00 0:00
Jan Mursak 1 0 1 -1 0 2 0 0 0 0 0/0 12:48 2:35 0:52
Jonathan Drouin 0 0 0 -1 0 3 0 1 0 0 1/2 15:02 2:54 0:00
Jordan Caron 1 0 1 1 2 4 2 0 0 0 0/0 21:20 2:56 1:29
Mark Fraser 0 0 0 0 0 1 3 3 1 0 0/0 21:14 0:00 3:23
Mikko Lehtonen 0 1 1 -1 0 3 1 0 0 0 0/0 12:09 2:35 0:00
Nick Bjugstad 0 0 0 -1 2 2 0 0 1 0 12/19 17:27 2:55 1:44
Nikita Zadorov 0 1 1 0 0 0 0 0 0 0 0/0 14:51 3:25 0:00
Pavel Valentenko 0 0 0 0 0 1 1 0 1 0 0/0 16:11 2:07 1:34
Shayne Gostisbehere 1 0 1 0 0 4 3 5 0 0 0/0 28:12 3:25 3:23
Tim Schaller 0 0 0 -1 0 2 2 1 0 0 0/1 11:45 0:00 0:00
Players Stats for Inferno
Player Name G A P +/- PIM S H SB GA TA FO MP PP MP PK MP
------------------------------------------------------------------------------------
Anders Lee 0 1 1 1 0 5 0 0 0 0 7/18 17:05 2:35 0:57
Bryan Rust 1 0 1 1 2 3 1 1 0 0 0/0 16:35 0:01 3:03
Christian Folin 0 0 0 -1 0 0 1 0 1 1 0/0 17:35 2:26 0:12
Colby Robak 0 0 0 1 2 2 3 1 0 0 0/0 25:03 0:00 1:47
David Savard 0 0 0 1 0 2 3 1 0 0 0/0 28:02 2:25 3:07
Esa Lindell 0 0 0 1 0 3 0 1 0 0 0/0 15:09 2:31 0:39
Greg Pateryn 0 0 0 1 0 2 2 1 0 0 0/0 12:38 0:00 2:31
Kyle Palmieri 0 0 0 -1 0 3 0 0 0 2 1/3 19:17 2:12 0:00
Matt Kassian 1 0 1 1 0 2 0 0 0 0 0/0 11:03 0:00 1:23
Matthew Nieto 0 1 1 1 0 5 1 0 0 0 0/0 16:53 2:12 1:06
Oliver Bjorkstrand 0 0 0 0 0 0 0 0 1 1 0/0 11:29 2:38 0:00
Peter Cehlarik 0 0 0 0 0 0 1 0 0 1 0/0 8:54 0:03 0:00
Philip Varone 0 1 1 1 4 0 0 1 0 0 2/2 11:02 0:10 1:14
Simon Danis-Pepin 0 0 0 -1 0 1 2 1 1 2 0/0 21:54 2:32 2:48
Tanner Pearson 0 0 0 -1 2 1 0 0 0 0 0/0 19:06 2:41 0:00
Tyler Shattock 0 1 1 1 0 2 0 0 0 0 0/0 9:46 0:06 0:00
Victor Rask 0 0 0 0 0 2 0 1 1 0 2/2 11:24 2:12 0:00
Vladimir Sobotka 0 0 0 -1 0 2 2 0 0 0 16/29 20:28 0:01 3:21
3 Stars
1 - Shayne Gostisbehere (Alm)
2 - Malcolm Subban (Alm)
3 - Jordan Caron (Alm)
Power Play
Diables - 2 on 5 Attempt(s) - 40.00%
Inferno - 0 on 3 Attempt(s) - 0.00%
Penalty Kill
Diables - 3 on 3 Attempt(s) - 100.00%
- Score 0 goal in Penalty Kill
Inferno - 3 on 5 Attempt(s) - 60.00%
- Score 0 goal in Penalty Kill
Team Stat
Diables - Hits : 19 - Faceoff Wins : 26 - Blocked Shots : 17 - Penalty Minutes : 6
Inferno - Hits : 16 - Faceoff Wins : 28 - Blocked Shots : 8 - Penalty Minutes : 10
Official
Referees : Unknown
Linesman : Unknown
Game Notes
No Game Note
Finance
Level 1 -- Attendance: 1376 (68.80%) -- Ticket Income $55,040
Level 2 -- Attendance: 773 (77.30%) -- Ticket Income $15,460
Total Attendance: 2149 (71.63%)
Total Ticket Income: $70,500
Other Income: $3,525
Total Income: $74,025
Diables
5 vs 5 Forward
Center Left Wing Right Wing Time % Phy DF OF
1 Charlie Coyle Brandon Prust Jordan Caron 40 1 2 2
2 Nick Bjugstad Jonathan Drouin Tim Schaller 30 1 2 2
3 Alexander Wennberg Jan Mursak Mikko Lehtonen 20 1 2 2
4 Chris Tierney Artturi Lehkonen Daniel Zaar 10 1 2 2
5 vs 5 Defense
Defense Defense Time % Phy DF OF
1 Shayne Gostisbehere Mark Fraser 40 1 2 2
2 Carl Gunnarsson Jamie Oleksiak 30 1 2 2
3 Nikita Zadorov Pavel Valentenko 20 1 2 2
4 Chris Bigras Shayne Gostisbehere 10 1 2 2
PowerPlay Forward
Center Left Wing Right Wing Time % Phy DF OF
1 Nick Bjugstad Jonathan Drouin Jordan Caron 60 1 2 2
2 Alexander Wennberg Jan Mursak Mikko Lehtonen 40 1 2 2
PowerPlay Defense
Defense Defense Time % Phy DF OF
1 Shayne Gostisbehere Nikita Zadorov 60 1 2 2
2 Carl Gunnarsson Pavel Valentenko 40 1 2 2
Penalty Kill 4 Players Forward
Center Wing Time % Phy DF OF
1 Charlie Coyle Jordan Caron 60 1 2 2
2 Nick Bjugstad Jan Mursak 40 1 2 2
Penalty Kill 4 Players Defense
Defense Defense Time % Phy DF OF
1 Shayne Gostisbehere Mark Fraser 60 1 2 2
2 Carl Gunnarsson Pavel Valentenko 40 1 2 2
Penalty Kill - 3 Players Forward
Forward Time % Phy DF OF
1 Brandon Prust 60 1 2 2
2 Jordan Caron 40 1 2 2
Penalty Kill - 3 Players Defense
Defense Defense Time % Phy DF OF
1 Shayne Gostisbehere Mark Fraser 60 1 2 2
2 Carl Gunnarsson Pavel Valentenko 40 1 2 2
4 vs 4 Forward
Center Wing Time % Phy DF OF
1 Alexander Wennberg Jordan Caron 60 1 2 2
2 Nick Bjugstad Jan Mursak 40 1 2 2
4 vs 4 Defense
Defense Defense Time % Phy DF OF
1 Shayne Gostisbehere Mark Fraser 60 1 2 2
2 Carl Gunnarsson Pavel Valentenko 40 1 2 2
Last Minutes Offensive
Center Left Wing Right Wing Defense Defense
Nick Bjugstad Brandon Prust Jordan Caron Shayne Gostisbehere Mark Fraser
Last Minutes Defensive
Center Left Wing Right Wing Defense Defense
Tim Schaller Brandon Prust Jordan Caron Shayne Gostisbehere Mark Fraser
Goaltenders
Starting : Malcolm Subban
Backup : Eric Comrie
Extra Forwards
Normal : Jonathan Drouin, Alexander Wennberg, Nick Bjugstad - PP : Jonathan Drouin, Alexander Wennberg - PK : Nick Bjugstad
Extra Defensemen
Normal : Nikita Zadorov, Jamie Oleksiak, Chris Bigras - PP : Nikita Zadorov - PK : Jamie Oleksiak, Chris Bigras
Penalty Shots
Brandon Prust, Jordan Caron, Mikko Lehtonen, Jan Mursak, Daniel Zaar
Scratches
Louis Leblanc (Healthy), Stephen Harper (Healthy), Emil Djuse (Healthy), Gemel Smith (Healthy), Matt Lindblad (Healthy)
Christian Thomas (Healthy), Cole Cassels (Healthy), Jeremy Gregoire (Healthy), Connor Hurley (Healthy), Gustav Olofsson (Healthy)
Andreas Johnsson (Healthy), Brett Ritchie (Healthy), Mitchell Moroz (Healthy), Andrew O'Brien (Healthy), Michal Repik (Healthy)
Marc-André Bourdon (Healthy), Linus Ullmark (Healthy), Garret Sparks (Healthy), Jack Campbell (Healthy)
Inferno
5 vs 5 Forward
Center Left Wing Right Wing Time % Phy DF OF
1 Vladimir Sobotka Tanner Pearson Kyle Palmieri 40 1 2 2
2 Anders Lee Matthew Nieto Bryan Rust 30 1 2 2
3 Philip Varone Matt Kassian Tyler Shattock 20 1 2 2
4 Victor Rask Peter Cehlarik Oliver Bjorkstrand 10 1 2 2
5 vs 5 Defense
Defense Defense Time % Phy DF OF
1 Colby Robak David Savard 40 1 2 2
2 Christian Folin Simon Danis-Pepin 30 1 2 2
3 Greg Pateryn Esa Lindell 20 1 2 2
4 Colby Robak David Savard 10 1 2 2
PowerPlay Forward
Center Left Wing Right Wing Time % Phy DF OF
1 Anders Lee Tanner Pearson Oliver Bjorkstrand 60 1 2 2
2 Victor Rask Matthew Nieto Kyle Palmieri 40 1 2 2
PowerPlay Defense
Defense Defense Time % Phy DF OF
1 Christian Folin David Savard 60 1 2 2
2 Esa Lindell Simon Danis-Pepin 40 1 2 2
Penalty Kill 4 Players Forward
Center Wing Time % Phy DF OF
1 Vladimir Sobotka Bryan Rust 60 1 2 2
2 Philip Varone Matt Kassian 40 1 2 2
Penalty Kill 4 Players Defense
Defense Defense Time % Phy DF OF
1 Colby Robak David Savard 60 1 2 2
2 Greg Pateryn Simon Danis-Pepin 40 1 2 2
Penalty Kill - 3 Players Forward
Forward Time % Phy DF OF
1 Vladimir Sobotka 60 1 2 2
2 Bryan Rust 40 1 2 2
Penalty Kill - 3 Players Defense
Defense Defense Time % Phy DF OF
1 Colby Robak David Savard 60 1 2 2
2 Greg Pateryn Simon Danis-Pepin 40 1 2 2
4 vs 4 Forward
Center Wing Time % Phy DF OF
1 Vladimir Sobotka Bryan Rust 60 1 2 2
2 Anders Lee Kyle Palmieri 40 1 2 2
4 vs 4 Defense
Defense Defense Time % Phy DF OF
1 Colby Robak David Savard 60 1 2 2
2 Christian Folin Simon Danis-Pepin 40 1 2 2
Last Minutes Offensive
Center Left Wing Right Wing Defense Defense
Vladimir Sobotka Tanner Pearson Kyle Palmieri Colby Robak David Savard
Last Minutes Defensive
Center Left Wing Right Wing Defense Defense
Vladimir Sobotka Tanner Pearson Bryan Rust Colby Robak David Savard
Goaltenders
Starting : Michael Hutchinson
Backup : Christopher Gibson
Extra Forwards
Normal : Bryan Rust, Matthew Nieto, Anders Lee - PP : Matthew Nieto, Oliver Bjorkstrand - PK : Bryan Rust
Extra Defensemen
Normal : Christian Folin, Esa Lindell, Greg Pateryn - PP : Esa Lindell - PK : Simon Danis-Pepin, Greg Pateryn
Penalty Shots
Kyle Palmieri, Vladimir Sobotka, Anders Lee, Tanner Pearson, Bryan Rust
Scratches
Chris Brown (Healthy), Frank Corrado (Healthy), Ryan Spooner (Healthy), Joakim Nordstrom (Healthy), Trevor Carrick (Healthy)
Petteri Lindbohm (Healthy), Daniil Tarasov (Healthy), Eric Karlsson (Healthy), John Gilmour (Healthy), Branden Troock (Healthy)
Mathieu Brodeur (Healthy), Nathan Lieuwen (Healthy)
% Time on Ice - Diables
Lines # - Real PCT - Wanted PCT - Time Play
Normal Forward
1 - 35% - 40% - 16:59
2 - 24% - 30% - 11:45
3 - 19% - 20% - 9:21
4 - 22% - 10% - 10:26
Normal Defense
1 - 36% - 40% - 17:23
2 - 32% - 30% - 15:39
3 - 23% - 20% - 11:24
4 - 8% - 10% - 4:05
PP Forward
1 - 53% - 60% - 2:57
2 - 47% - 40% - 2:35
PP Defense
1 - 62% - 60% - 3:25
2 - 38% - 40% - 2:07
PK Forward
1 - 82% - 60% - 4:05
2 - 18% - 40% - 0:52
PK Defense
1 - 68% - 60% - 3:23
2 - 32% - 40% - 1:34
PK3 Forward
1 - 0% - 60%
2 - 0% - 40%
PK3 Defense
1 - 0% - 60%
2 - 0% - 40%
44 Forward
1 - 100% - 60% - 1:00
2 - 0% - 40% - 0:00
44 Defense
1 - 50% - 60% - 0:30
2 - 50% - 40% - 0:30
Last Minute Offensive - 0:00
Last Minute Defensive - 0:00
Total
Forward - 60:00
Defense - 60:00
|
% Time on Ice - Inferno
Lines # - Real PCT - Wanted PCT - Time Play
Normal Forward
1 - 34% - 40% - 16:00
2 - 28% - 30% - 13:12
3 - 20% - 20% - 9:40
4 - 19% - 10% - 8:51
Normal Defense
1 - 41% - 40% - 19:27
2 - 33% - 30% - 15:41
3 - 20% - 20% - 9:28
4 - 7% - 10% - 3:07
PP Forward
1 - 56% - 60% - 2:45
2 - 44% - 40% - 2:12
PP Defense
1 - 49% - 60% - 2:25
2 - 51% - 40% - 2:32
PK Forward
1 - 75% - 60% - 4:09
2 - 25% - 40% - 1:23
PK Defense
1 - 60% - 60% - 3:19
2 - 40% - 40% - 2:13
PK3 Forward
1 - 0% - 60%
2 - 0% - 40%
PK3 Defense
1 - 0% - 60%
2 - 0% - 40%
44 Forward
1 - 68% - 60% - 0:41
2 - 32% - 40% - 0:19
44 Defense
1 - 92% - 60% - 0:55
2 - 8% - 40% - 0:05
Last Minute Offensive - 0:48
Last Minute Defensive - 0:00
Total
Forward - 60:00
Defense - 60:00
|
Play-by-Play
1st period
0:01 of 1st period - Vladimir Sobotka wins face-off versus Brandon Prust in neutral zone.
0:12 of 1st period - Slapshot by Kyle Palmieri.
0:12 of 1st period - Shot Misses the Net.
0:38 of 1st period - Wrist shot by Anders Lee.
0:38 of 1st period - Shot Misses the Net.
1:11 of 1st period - Icing by Carl Gunnarsson.
1:12 of 1st period - Victor Rask wins face-off versus Daniel Zaar in Diables zone.
1:50 of 1st period - Snap shot by Jordan Caron.
1:50 of 1st period - Goal by Jordan Caron - Diables : 1 - Inferno : 0.
1:51 of 1st period - Nick Bjugstad wins face-off versus Anders Lee in neutral zone.
1:56 of 1st period - Wrist shot by Nick Bjugstad.
1:56 of 1st period - Shot Misses the Net.
1:58 of 1st period - Snap shot by Nick Bjugstad.
1:58 of 1st period - Shot Blocked by Bryan Rust.
2:24 of 1st period - Wrist shot by Alexander Wennberg.
2:24 of 1st period - Shot Blocked by Greg Pateryn.
2:26 of 1st period - Slapshot by Chris Bigras.
2:26 of 1st period - Shot Blocked by Esa Lindell.
2:28 of 1st period - Slapshot by Mikko Lehtonen.
2:28 of 1st period - Deflect By Alexander Wennberg.
2:28 of 1st period - Stopped by Michael Hutchinson with a rebound.
3:54 of 1st period - Minor Penalty to Philip Varone for High sticking.
3:55 of 1st period - Vladimir Sobotka wins face-off versus Alexander Wennberg in Inferno zone.
4:03 of 1st period - Slapshot by Mikko Lehtonen.
4:03 of 1st period - Deflect By Jan Mursak.
4:03 of 1st period - Stopped by Michael Hutchinson without a rebound.
4:04 of 1st period - Alexander Wennberg wins face-off versus Vladimir Sobotka in Inferno zone.
4:09 of 1st period - Snap shot by Mikko Lehtonen.
4:09 of 1st period - Shot Misses the Net.
4:11 of 1st period - Backhand shot by Jan Mursak.
4:11 of 1st period - Goal by Jan Mursak - Diables : 2 - Inferno : 0.
4:12 of 1st period - Vladimir Sobotka wins face-off versus Nick Bjugstad in neutral zone.
4:22 of 1st period - Slapshot by Shayne Gostisbehere.
4:22 of 1st period - Stopped by Michael Hutchinson with a rebound.
4:24 of 1st period - Snap shot by Tim Schaller.
4:24 of 1st period - Shot Misses the Net.
4:28 of 1st period - Wrist shot by Tim Schaller.
4:28 of 1st period - Shot Misses the Net.
4:47 of 1st period - Snap shot by Vladimir Sobotka.
4:47 of 1st period - Shot Misses the Net.
4:49 of 1st period - Backhand shot by Simon Danis-Pepin.
4:49 of 1st period - Shot Blocked by Shayne Gostisbehere.
5:01 of 1st period - Wrist shot by Vladimir Sobotka.
5:01 of 1st period - Shot Misses the Net.
5:03 of 1st period - Slapshot by Greg Pateryn.
5:03 of 1st period - Shot Misses the Net.
5:05 of 1st period - Snap shot by Kyle Palmieri.
5:05 of 1st period - Shot Blocked by Shayne Gostisbehere.
5:07 of 1st period - Slapshot by Esa Lindell.
5:07 of 1st period - Stopped by Malcolm Subban with a rebound.
5:09 of 1st period - Snap shot by Greg Pateryn.
5:09 of 1st period - Shot Misses the Net.
5:13 of 1st period - Snap shot by Kyle Palmieri.
5:13 of 1st period - Shot Misses the Net.
5:15 of 1st period - Wrist shot by Vladimir Sobotka.
5:15 of 1st period - Shot Blocked by Artturi Lehkonen.
5:31 of 1st period - Wrist shot by Vladimir Sobotka.
5:31 of 1st period - Shot Misses the Net.
5:49 of 1st period - Wrist shot by Daniel Zaar.
5:49 of 1st period - Stopped by Michael Hutchinson without a rebound.
5:50 of 1st period - Nick Bjugstad wins face-off versus Anders Lee in Inferno zone.
5:51 of 1st period - Snap shot by Tim Schaller.
5:51 of 1st period - Shot Misses the Net.
5:59 of 1st period - Wrist shot by Jonathan Drouin.
5:59 of 1st period - Stopped by Michael Hutchinson with a rebound.
6:01 of 1st period - Slapshot by Pavel Valentenko.
6:01 of 1st period - Stopped by Michael Hutchinson without a rebound.
6:02 of 1st period - Nick Bjugstad wins face-off versus Anders Lee in Inferno zone.
6:13 of 1st period - Wrist shot by Tim Schaller.
6:13 of 1st period - Stopped by Michael Hutchinson with a rebound.
6:27 of 1st period - Carl Gunnarsson is hit by Simon Danis-Pepin and loses puck.
6:54 of 1st period - Charlie Coyle is hit by Colby Robak.
7:38 of 1st period - Icing by Esa Lindell.
7:39 of 1st period - Victor Rask wins face-off versus Charlie Coyle in Inferno zone.
7:44 of 1st period - Snap shot by Anders Lee.
7:44 of 1st period - Shot Misses the Net.
7:46 of 1st period - Wrist shot by Matthew Nieto.
7:46 of 1st period - Stopped by Malcolm Subban without a rebound.
7:47 of 1st period - Anders Lee wins face-off versus Charlie Coyle in Diables zone.
8:29 of 1st period - Minor Penalty to Tanner Pearson for High sticking.
8:30 of 1st period - Nick Bjugstad wins face-off versus Vladimir Sobotka in Inferno zone.
8:33 of 1st period - Wrist shot by Jordan Caron.
8:33 of 1st period - Stopped by Michael Hutchinson with a rebound.
9:44 of 1st period - Nikita Zadorov is hit by Greg Pateryn and loses puck.
10:29 of 1st period - Penalty to Tanner Pearson is over, Tanner Pearson is back on ice.
10:35 of 1st period - Victor Rask is hit by Daniel Zaar and loses puck.
11:14 of 1st period - Snap shot by Oliver Bjorkstrand.
11:14 of 1st period - Shot Misses the Net.
11:16 of 1st period - Slapshot by Simon Danis-Pepin.
11:16 of 1st period - Shot Blocked by Artturi Lehkonen.
11:47 of 1st period - Snap shot by Chris Tierney.
11:47 of 1st period - Stopped by Michael Hutchinson with a rebound.
12:27 of 1st period - Carl Gunnarsson is hit by Simon Danis-Pepin and loses puck.
12:34 of 1st period - Snap shot by Oliver Bjorkstrand.
12:34 of 1st period - Shot Misses the Net.
12:50 of 1st period - Slapshot by Victor Rask.
12:50 of 1st period - Stopped by Malcolm Subban with a rebound.
12:52 of 1st period - Slapshot by Simon Danis-Pepin.
12:52 of 1st period - Stopped by Malcolm Subban without a rebound.
12:53 of 1st period - Vladimir Sobotka wins face-off versus Charlie Coyle in Diables zone.
13:04 of 1st period - Wrist shot by Kyle Palmieri.
13:04 of 1st period - Shot Misses the Net.
13:49 of 1st period - Wrist shot by Mikko Lehtonen.
13:49 of 1st period - Stopped by Michael Hutchinson with a rebound.
13:56 of 1st period - Icing by Matt Kassian.
13:57 of 1st period - Charlie Coyle wins face-off versus Vladimir Sobotka in Inferno zone.
13:58 of 1st period - Wrist shot by Brandon Prust.
13:58 of 1st period - Deflect By Jordan Caron.
13:58 of 1st period - Shot Misses the Net.
13:58 of 1st period - Puck is out of play.
13:59 of 1st period - Vladimir Sobotka wins face-off versus Charlie Coyle in Inferno zone.
14:23 of 1st period - Greg Pateryn is hit by Charlie Coyle and loses puck.
14:45 of 1st period - Mark Fraser is hit by Vladimir Sobotka.
14:49 of 1st period - David Savard is hit by Jordan Caron and loses puck.
15:07 of 1st period - Snap shot by Tanner Pearson.
15:07 of 1st period - Deflect By Vladimir Sobotka.
15:07 of 1st period - Stopped by Malcolm Subban without a rebound.
15:08 of 1st period - Nick Bjugstad wins face-off versus Anders Lee in Diables zone.
15:18 of 1st period - Slapshot by Anders Lee.
15:18 of 1st period - Shot Misses the Net.
15:20 of 1st period - Snap shot by Bryan Rust.
15:20 of 1st period - Shot Misses the Net.
18:29 of 1st period - Snap shot by Philip Varone.
18:29 of 1st period - Shot Blocked by Shayne Gostisbehere.
19:47 of 1st period - Mark Fraser is hit by Peter Cehlarik and loses puck.
Goals for this period are 2 for Diables vs 0 for Inferno.
Shots for this period are 12 for Diables vs 5 for Inferno.
2nd period
0:01 of 2nd period - Charlie Coyle wins face-off versus Vladimir Sobotka in neutral zone.
0:04 of 2nd period - Wrist shot by Shayne Gostisbehere.
0:04 of 2nd period - Shot Misses the Net.
0:06 of 2nd period - Wrist shot by Jordan Caron.
0:06 of 2nd period - Stopped by Michael Hutchinson without a rebound.
0:07 of 2nd period - Kyle Palmieri wins face-off versus Charlie Coyle in Inferno zone.
0:46 of 2nd period - Matthew Nieto is hit by Mark Fraser and loses puck.
0:58 of 2nd period - David Savard is hit by Jamie Oleksiak and loses puck.
1:03 of 2nd period - Wrist shot by Philip Varone.
1:03 of 2nd period - Deflect By Tyler Shattock.
1:03 of 2nd period - Stopped by Malcolm Subban with a rebound.
1:05 of 2nd period - Snap shot by Philip Varone.
1:05 of 2nd period - Deflect By Matt Kassian.
1:05 of 2nd period - Goal by Matt Kassian - Diables : 2 - Inferno : 1.
1:06 of 2nd period - Vladimir Sobotka wins face-off versus Charlie Coyle in neutral zone.
1:08 of 2nd period - Off-side.
1:09 of 2nd period - Vladimir Sobotka wins face-off versus Charlie Coyle in neutral zone.
1:20 of 2nd period - Slapshot by Jordan Caron.
1:20 of 2nd period - Shot Misses the Net.
2:20 of 2nd period - Slapshot by Mikko Lehtonen.
2:20 of 2nd period - Shot Misses the Net.
2:22 of 2nd period - Wrist shot by Charlie Coyle.
2:22 of 2nd period - Shot Misses the Net.
2:24 of 2nd period - Snap shot by Jordan Caron.
2:24 of 2nd period - Stopped by Michael Hutchinson without a rebound.
2:25 of 2nd period - Vladimir Sobotka wins face-off versus Charlie Coyle in Inferno zone.
2:38 of 2nd period - Slapshot by Kyle Palmieri.
2:38 of 2nd period - Stopped by Malcolm Subban without a rebound.
2:39 of 2nd period - Vladimir Sobotka wins face-off versus Nick Bjugstad in Diables zone.
2:51 of 2nd period - Icing by Colby Robak.
2:52 of 2nd period - Charlie Coyle wins face-off versus Vladimir Sobotka in Inferno zone.
2:53 of 2nd period - Snap shot by Brandon Prust.
2:53 of 2nd period - Stopped by Michael Hutchinson with a rebound.
2:56 of 2nd period - Icing by Tanner Pearson.
2:57 of 2nd period - Charlie Coyle wins face-off versus Kyle Palmieri in Inferno zone.
3:03 of 2nd period - Minor Penalty to Colby Robak for Elbowing.
3:04 of 2nd period - Nick Bjugstad wins face-off versus Vladimir Sobotka in Inferno zone.
3:53 of 2nd period - David Savard is hit by Pavel Valentenko and loses puck.
5:03 of 2nd period - Penalty to Colby Robak is over, Colby Robak is back on ice.
6:14 of 2nd period - Icing by Pavel Valentenko.
6:15 of 2nd period - Nick Bjugstad wins face-off versus Vladimir Sobotka in Diables zone.
6:58 of 2nd period - Off-side.
6:59 of 2nd period - Vladimir Sobotka wins face-off versus Tim Schaller in neutral zone.
7:02 of 2nd period - Snap shot by Tanner Pearson.
7:02 of 2nd period - Deflect By Kyle Palmieri.
7:02 of 2nd period - Shot Blocked by Carl Gunnarsson.
7:02 of 2nd period - Puck is out of play.
7:03 of 2nd period - Nick Bjugstad wins face-off versus Vladimir Sobotka in Diables zone.
7:14 of 2nd period - Snap shot by Kyle Palmieri.
7:14 of 2nd period - Deflect By Tanner Pearson.
7:14 of 2nd period - Shot Blocked by Carl Gunnarsson.
7:14 of 2nd period - Puck is out of play.
7:15 of 2nd period - Charlie Coyle wins face-off versus Vladimir Sobotka in Diables zone.
7:28 of 2nd period - Snap shot by Tanner Pearson.
7:28 of 2nd period - Stopped by Malcolm Subban with a rebound.
7:30 of 2nd period - Wrist shot by Greg Pateryn.
7:30 of 2nd period - Stopped by Malcolm Subban without a rebound.
7:31 of 2nd period - Anders Lee wins face-off versus Nick Bjugstad in Diables zone.
7:34 of 2nd period - Snap shot by Anders Lee.
7:34 of 2nd period - Shot Misses the Net.
7:36 of 2nd period - Slapshot by Colby Robak.
7:36 of 2nd period - Shot Blocked by Shayne Gostisbehere.
7:38 of 2nd period - Snap shot by Matthew Nieto.
7:38 of 2nd period - Stopped by Malcolm Subban with a rebound.
7:40 of 2nd period - Slapshot by David Savard.
7:40 of 2nd period - Stopped by Malcolm Subban with a rebound.
7:42 of 2nd period - Slapshot by David Savard.
7:42 of 2nd period - Shot Blocked by Jonathan Drouin.
7:46 of 2nd period - Wrist shot by Bryan Rust.
7:46 of 2nd period - Deflect By Anders Lee.
7:46 of 2nd period - Shot Blocked by Mark Fraser.
7:46 of 2nd period - Puck is out of play.
7:47 of 2nd period - Vladimir Sobotka wins face-off versus Charlie Coyle in Diables zone.
7:50 of 2nd period - Snap shot by Kyle Palmieri.
7:50 of 2nd period - Shot Blocked by Mark Fraser.
8:08 of 2nd period - Shayne Gostisbehere is hit by Vladimir Sobotka and loses puck.
8:19 of 2nd period - Kyle Palmieri is hit by Charlie Coyle and loses puck.
8:44 of 2nd period - Slapshot by Mark Fraser.
8:44 of 2nd period - Shot Misses the Net.
8:46 of 2nd period - Wrist shot by Brandon Prust.
8:46 of 2nd period - Stopped by Michael Hutchinson with a rebound.
8:48 of 2nd period - Slapshot by Mark Fraser.
8:48 of 2nd period - Stopped by Michael Hutchinson without a rebound.
8:49 of 2nd period - Anders Lee wins face-off versus Nick Bjugstad in Inferno zone.
9:02 of 2nd period - Snap shot by Matthew Nieto.
9:02 of 2nd period - Stopped by Malcolm Subban with a rebound.
9:04 of 2nd period - Snap shot by Bryan Rust.
9:04 of 2nd period - Goal by Bryan Rust - Diables : 2 - Inferno : 2.
9:05 of 2nd period - Anders Lee wins face-off versus Nick Bjugstad in neutral zone.
9:21 of 2nd period - Wrist shot by Tim Schaller.
9:21 of 2nd period - Stopped by Michael Hutchinson with a rebound.
11:01 of 2nd period - Snap shot by Jan Mursak.
11:01 of 2nd period - Shot Misses the Net.
11:03 of 2nd period - Snap shot by Alexander Wennberg.
11:03 of 2nd period - Stopped by Michael Hutchinson without a rebound.
11:04 of 2nd period - Philip Varone wins face-off versus Alexander Wennberg in Inferno zone.
11:17 of 2nd period - Off-side.
11:18 of 2nd period - Vladimir Sobotka wins face-off versus Charlie Coyle in neutral zone.
11:23 of 2nd period - Snap shot by Kyle Palmieri.
11:23 of 2nd period - Shot Blocked by Mark Fraser.
11:25 of 2nd period - Slapshot by Vladimir Sobotka.
11:25 of 2nd period - Stopped by Malcolm Subban with a rebound.
11:27 of 2nd period - Wrist shot by Tanner Pearson.
11:27 of 2nd period - Shot Misses the Net.
11:29 of 2nd period - Slapshot by Colby Robak.
11:29 of 2nd period - Shot Misses the Net.
11:31 of 2nd period - Slapshot by Colby Robak.
11:31 of 2nd period - Stopped by Malcolm Subban without a rebound.
11:32 of 2nd period - Nick Bjugstad wins face-off versus Anders Lee in Diables zone.
11:32 of 2nd period - Nick Bjugstad is hit by Colby Robak.
11:37 of 2nd period - Shayne Gostisbehere is hit by David Savard and loses puck.
11:48 of 2nd period - Slapshot by Shayne Gostisbehere.
11:48 of 2nd period - Stopped by Michael Hutchinson with a rebound.
12:33 of 2nd period - Daniel Zaar is hit by Greg Pateryn and loses puck.
14:17 of 2nd period - Wrist shot by Brandon Prust.
14:17 of 2nd period - Shot Blocked by Simon Danis-Pepin.
14:19 of 2nd period - Snap shot by Brandon Prust.
14:19 of 2nd period - Shot Blocked by Victor Rask.
14:21 of 2nd period - Snap shot by Jamie Oleksiak.
14:21 of 2nd period - Shot Misses the Net.
14:23 of 2nd period - Snap shot by Brandon Prust.
14:23 of 2nd period - Deflect By Jordan Caron.
14:23 of 2nd period - Shot Misses the Net.
14:23 of 2nd period - Puck is out of play.
14:24 of 2nd period - Jonathan Drouin wins face-off versus Vladimir Sobotka in Inferno zone.
14:25 of 2nd period - Wrist shot by Tim Schaller.
14:25 of 2nd period - Deflect By Nick Bjugstad.
14:25 of 2nd period - Stopped by Michael Hutchinson with a rebound.
14:50 of 2nd period - Alexander Wennberg is hit by Colby Robak and loses puck.
14:57 of 2nd period - Wrist shot by Matthew Nieto.
14:57 of 2nd period - Shot Misses the Net.
15:11 of 2nd period - Snap shot by Esa Lindell.
15:11 of 2nd period - Deflect By Matt Kassian.
15:11 of 2nd period - Stopped by Malcolm Subban with a rebound.
16:05 of 2nd period - Wrist shot by Matthew Nieto.
16:05 of 2nd period - Stopped by Malcolm Subban with a rebound.
16:07 of 2nd period - Wrist shot by Anders Lee.
16:07 of 2nd period - Stopped by Malcolm Subban with a rebound.
16:09 of 2nd period - Snap shot by Greg Pateryn.
16:09 of 2nd period - Deflect By Anders Lee.
16:09 of 2nd period - Stopped by Malcolm Subban with a rebound.
16:11 of 2nd period - Slapshot by Greg Pateryn.
16:11 of 2nd period - Stopped by Malcolm Subban with a rebound.
16:13 of 2nd period - Wrist shot by Anders Lee.
16:13 of 2nd period - Stopped by Malcolm Subban with a rebound.
17:45 of 2nd period - Snap shot by Kyle Palmieri.
17:45 of 2nd period - Shot Misses the Net.
17:47 of 2nd period - Slapshot by Kyle Palmieri.
17:47 of 2nd period - Stopped by Malcolm Subban with a rebound.
17:49 of 2nd period - Wrist shot by Vladimir Sobotka.
17:49 of 2nd period - Shot Misses the Net.
18:35 of 2nd period - Snap shot by Vladimir Sobotka.
18:35 of 2nd period - Shot Blocked by Daniel Zaar.
18:37 of 2nd period - Slapshot by Colby Robak.
18:37 of 2nd period - Stopped by Malcolm Subban without a rebound.
18:38 of 2nd period - Charlie Coyle wins face-off versus Anders Lee in Diables zone.
18:51 of 2nd period - Simon Danis-Pepin is hit by Jordan Caron and loses puck.
19:04 of 2nd period - Philip Varone is hit by Tim Schaller.
19:10 of 2nd period - Snap shot by Philip Varone.
19:10 of 2nd period - Shot Misses the Net.
19:12 of 2nd period - Slapshot by Tyler Shattock.
19:12 of 2nd period - Stopped by Malcolm Subban with a rebound.
19:34 of 2nd period - Snap shot by Mikko Lehtonen.
19:34 of 2nd period - Shot Misses the Net.
19:46 of 2nd period - Wrist shot by Brandon Prust.
19:46 of 2nd period - Stopped by Michael Hutchinson without a rebound.
19:47 of 2nd period - Charlie Coyle wins face-off versus Anders Lee in Inferno zone.
19:55 of 2nd period - Christian Folin is hit by Shayne Gostisbehere.
Goals for this period are 0 for Diables vs 2 for Inferno.
Shots for this period are 10 for Diables vs 20 for Inferno.
3rd period
0:01 of 3rd period - Charlie Coyle wins face-off versus Anders Lee in neutral zone.
0:30 of 3rd period - Snap shot by Jan Mursak.
0:30 of 3rd period - Shot Misses the Net.
0:32 of 3rd period - Wrist shot by Jamie Oleksiak.
0:32 of 3rd period - Stopped by Michael Hutchinson with a rebound.
0:56 of 3rd period - Snap shot by Kyle Palmieri.
0:56 of 3rd period - Shot Misses the Net.
0:58 of 3rd period - Wrist shot by Tanner Pearson.
0:58 of 3rd period - Shot Blocked by Tim Schaller.
1:15 of 3rd period - Minor Penalty to Jordan Caron for Hooking.
1:16 of 3rd period - Charlie Coyle wins face-off versus Anders Lee in Diables zone.
1:48 of 3rd period - Snap shot by Christian Folin.
1:48 of 3rd period - Shot Blocked by Charlie Coyle.
2:02 of 3rd period - Pavel Valentenko is hit by David Savard and loses puck.
2:31 of 3rd period - Anders Lee is hit by Mark Fraser and loses puck.
3:15 of 3rd period - Penalty to Jordan Caron is over, Jordan Caron is back on ice.
3:26 of 3rd period - Snap shot by Mikko Lehtonen.
3:26 of 3rd period - Stopped by Michael Hutchinson with a rebound.
3:28 of 3rd period - Snap shot by Mikko Lehtonen.
3:28 of 3rd period - Stopped by Michael Hutchinson with a rebound.
5:15 of 3rd period - Colby Robak is hit by Shayne Gostisbehere and loses puck.
5:58 of 3rd period - Tanner Pearson is hit by Tim Schaller and loses puck.
6:58 of 3rd period - Icing by Jan Mursak.
6:59 of 3rd period - Anders Lee wins face-off versus Charlie Coyle in Diables zone.
7:02 of 3rd period - Slapshot by Bryan Rust.
7:02 of 3rd period - Stopped by Malcolm Subban with a rebound.
7:04 of 3rd period - Wrist shot by Bryan Rust.
7:04 of 3rd period - Stopped by Malcolm Subban with a rebound.
7:06 of 3rd period - Slapshot by Matthew Nieto.
7:06 of 3rd period - Shot Hit the Post.
7:12 of 3rd period - Minor Penalty to Brandon Prust for Hooking.
7:13 of 3rd period - Anders Lee wins face-off versus Charlie Coyle in Diables zone.
7:14 of 3rd period - Slapshot by David Savard.
7:14 of 3rd period - Deflect By Anders Lee.
7:14 of 3rd period - Shot Misses the Net.
7:14 of 3rd period - Puck is out of play.
7:15 of 3rd period - Charlie Coyle wins face-off versus Anders Lee in Diables zone.
7:22 of 3rd period - Wrist shot by Christian Folin.
7:22 of 3rd period - Shot Misses the Net.
9:12 of 3rd period - Penalty to Brandon Prust is over, Brandon Prust is back on ice.
9:17 of 3rd period - Wrist shot by Brandon Prust.
9:17 of 3rd period - Shot Blocked by Philip Varone.
9:38 of 3rd period - Icing by Tyler Shattock.
9:39 of 3rd period - Philip Varone wins face-off versus Alexander Wennberg in Inferno zone.
9:39 of 3rd period - Philip Varone is hit by Alexander Wennberg.
10:04 of 3rd period - Snap shot by Colby Robak.
10:04 of 3rd period - Deflect By Kyle Palmieri.
10:04 of 3rd period - Stopped by Malcolm Subban without a rebound.
10:05 of 3rd period - Nick Bjugstad wins face-off versus Kyle Palmieri in Diables zone.
10:40 of 3rd period - Wrist shot by Bryan Rust.
10:40 of 3rd period - Shot Misses the Net.
10:42 of 3rd period - Snap shot by Anders Lee.
10:42 of 3rd period - Shot Misses the Net.
11:10 of 3rd period - Minor Penalty to Bryan Rust for Hooking.
11:11 of 3rd period - Vladimir Sobotka wins face-off versus Nick Bjugstad in Inferno zone.
11:18 of 3rd period - Off-side.
11:19 of 3rd period - Vladimir Sobotka wins face-off versus Nick Bjugstad in neutral zone.
11:28 of 3rd period - Slapshot by Shayne Gostisbehere.
11:28 of 3rd period - Goal by Shayne Gostisbehere - Diables : 3 - Inferno : 2.
11:29 of 3rd period - Vladimir Sobotka wins face-off versus Charlie Coyle in neutral zone.
11:42 of 3rd period - Jordan Caron is hit by David Savard and loses puck.
11:55 of 3rd period - David Savard is hit by Mark Fraser and loses puck.
12:18 of 3rd period - Simon Danis-Pepin is hit by Chris Tierney and loses puck.
12:59 of 3rd period - Simon Danis-Pepin is hit by Mikko Lehtonen and loses puck.
13:12 of 3rd period - Slapshot by Carl Gunnarsson.
13:12 of 3rd period - Stopped by Michael Hutchinson with a rebound.
13:16 of 3rd period - Snap shot by Charlie Coyle.
13:16 of 3rd period - Stopped by Michael Hutchinson without a rebound.
13:17 of 3rd period - Charlie Coyle wins face-off versus Anders Lee in Inferno zone.
13:18 of 3rd period - Wrist shot by Brandon Prust.
13:18 of 3rd period - Shot Misses the Net.
13:33 of 3rd period - Slapshot by Charlie Coyle.
13:33 of 3rd period - Shot Blocked by Colby Robak.
13:41 of 3rd period - Mark Fraser is hit by Bryan Rust and loses puck.
13:50 of 3rd period - Snap shot by Anders Lee.
13:50 of 3rd period - Stopped by Malcolm Subban with a rebound.
14:06 of 3rd period - Snap shot by Anders Lee.
14:06 of 3rd period - Shot Misses the Net.
14:08 of 3rd period - Slapshot by David Savard.
14:08 of 3rd period - Stopped by Malcolm Subban with a rebound.
14:10 of 3rd period - Slapshot by Matthew Nieto.
14:10 of 3rd period - Stopped by Malcolm Subban with a rebound.
14:12 of 3rd period - Wrist shot by Matthew Nieto.
14:12 of 3rd period - Shot Blocked by Brandon Prust.
14:16 of 3rd period - Snap shot by Anders Lee.
14:16 of 3rd period - Stopped by Malcolm Subban without a rebound.
14:17 of 3rd period - Nick Bjugstad wins face-off versus Vladimir Sobotka in Diables zone.
14:52 of 3rd period - Slapshot by Esa Lindell.
14:52 of 3rd period - Stopped by Malcolm Subban with a rebound.
14:54 of 3rd period - Slapshot by Esa Lindell.
14:54 of 3rd period - Stopped by Malcolm Subban with a rebound.
15:10 of 3rd period - Wrist shot by Victor Rask.
15:10 of 3rd period - Stopped by Malcolm Subban with a rebound.
15:35 of 3rd period - Jamie Oleksiak is hit by Christian Folin and loses puck.
15:58 of 3rd period - Minor Penalty to Philip Varone for Hooking.
15:59 of 3rd period - Nick Bjugstad wins face-off versus Vladimir Sobotka in Inferno zone.
16:06 of 3rd period - Wrist shot by Jonathan Drouin.
16:06 of 3rd period - Shot Misses the Net.
16:08 of 3rd period - Wrist shot by Nick Bjugstad.
16:08 of 3rd period - Stopped by Michael Hutchinson with a rebound.
16:10 of 3rd period - Snap shot by Jonathan Drouin.
16:10 of 3rd period - Stopped by Michael Hutchinson with a rebound.
16:12 of 3rd period - Snap shot by Jonathan Drouin.
16:12 of 3rd period - Stopped by Michael Hutchinson without a rebound.
16:13 of 3rd period - Vladimir Sobotka wins face-off versus Jonathan Drouin in Inferno zone.
16:22 of 3rd period - Slapshot by Shayne Gostisbehere.
16:22 of 3rd period - Stopped by Michael Hutchinson with a rebound.
16:28 of 3rd period - Slapshot by Jordan Caron.
16:28 of 3rd period - Shot Blocked by David Savard.
16:57 of 3rd period - Minor Penalty to Nick Bjugstad for Tripping.
16:58 of 3rd period - Alexander Wennberg wins face-off versus Vladimir Sobotka in Diables zone.
17:58 of 3rd period - Penalty to Philip Varone is over, Philip Varone is back on ice.
18:14 of 3rd period - Victor Rask is hit by Shayne Gostisbehere and loses puck.
18:27 of 3rd period - Backhand shot by Christian Folin.
18:27 of 3rd period - Deflect By Anders Lee.
18:27 of 3rd period - Shot Blocked by Shayne Gostisbehere.
18:27 of 3rd period - Puck is out of play.
18:28 of 3rd period - Anders Lee wins face-off versus Chris Tierney in Diables zone.
18:44 of 3rd period - Oliver Bjorkstrand is hit by Chris Tierney.
18:57 of 3rd period - Penalty to Nick Bjugstad is over, Nick Bjugstad is back on ice.
19:07 of 3rd period - Shayne Gostisbehere is hit by Matthew Nieto and loses puck.
19:26 of 3rd period - Inferno, Michael Hutchinson is pulled from the net.
19:46 of 3rd period - Slapshot by Tanner Pearson.
19:46 of 3rd period - Shot Misses the Net.
Goals for this period are 1 for Diables vs 0 for Inferno.
Shots for this period are 10 for Diables vs 10 for Inferno.
Back to the Top